 Dungeon Crawl Stone Soup version 0.16.1-28-gcc2312f (webtiles) character file.

719 talkandplay the Slasher (level 7, -1/38 HPs)
             Began as a Vine Stalker Berserker on June 1, 2015.
             Was an Elder of Trog.
             Shot with an arrow by a centaur (3 damage)
             ... on level 5 of the Dungeon.
             The game lasted 00:11:54 (3557 turns).

talkandplay the Slasher (Vine Stalker Berserker)    Turns: 3557, Time: 00:11:54

Health: -1/38      AC: 15    Str: 21    XL:     7   Next: 70%
Magic:  0/9        EV:  8    Int:  7    God:    Trog [****..]
Gold:   92         SH:  0    Dex: 14    Spells: 0 memorised, 6 levels left

rFire  . . .     SeeInvis +     a - +0 falchion
rCold  . . .     Clarity  .     h - +0 chain mail
rNeg   . . .     SustAb   .     (no shield)
rPois  .         Gourm    .     j - +2 hat {SInv}
rElec  .         Spirit   +     t - +0 cloak
rCorr  .         Warding  .     e - +0 pair of gloves
rMut   .         Stasis   .     (no boots)
MR     .....                    (no amulet)
Stlth  ..........               (no ring)
                                m - +2 ring of protection

@: exhausted, slowed, very slow, not resistant to hostile enchantments,
extremely unstealthy
A: fangs 2, regeneration 2, magic shield, antimagic bite, no device heal 3, rot
immunity
a: Burn Spellbooks, Berserk, Trog's Hand, Brothers in Arms, Renounce Religion


You were on level 5 of the Dungeon.
You worshipped Trog.
Trog was greatly pleased with you.
You were near starving.

You visited 1 branch of the dungeon, and saw 5 of its levels.

You collected 92 gold pieces.

Inventory:

Hand weapons
 a - a +0 falchion (weapon)
Armour
 e - a +0 pair of gloves (worn)
 h - a +0 chain mail (worn)
 j - a +2 hat of see invisible (worn)
 t - a +0 cloak (worn)
Jewellery
 k - an uncursed amulet of warding {unknown}
 m - a +2 ring of protection (left hand)
 s - an uncursed amulet of regeneration {unknown}
Magical devices
 r - a wand of flame (6)
Scrolls
 b - 3 scrolls of identify
 f - a scroll of remove curse
 g - a scroll of blinking
Potions
 o - a potion of restore abilities {unknown}
 p - a potion of agility {unknown}
 q - 2 potions of flight {unknown}
Comestibles
 c - 7 bread rations
 d - 6 fruits
 i - a royal jelly
 l - a beef jerky
 n - a slice of pizza


   Skills:
 + Level 4.5 Fighting
 * Level 6.0 Long Blades
 + Level 3.7 Armour
 - Level 1.5 Dodging


You had 6 spell levels left.
You didn't know any spells.

Dungeon Overview and Level Annotations

Branches:
Dungeon (5/15)
 Temple: D:4-7

Altars:

Shops:
D:4 *


Innate Abilities, Weirdness & Mutations

You have extremely sharp teeth.
You heal very quickly.
When hurt, damage is shared between your health and your magic reserves.
Your bite disrupts and absorbs the magic of your enemies.
Potions and wands cannot restore your health.
You are immune to rotting.


Message History

The centaur barely misses you.
You slash the orc wizard! You bite the orc wizard.
The orc wizard's magic leaks into the air.
You drain its magic.
You feel invigorated.
You kill the orc wizard!
Trog accepts your kill.
Trog appreciates your killing of a magic user.
Your Long Blades skill increases to level 6!
The centaur hits you.
* * * LOW HITPOINT WARNING * * *
The centaur hits you.
* * * LOW HITPOINT WARNING * * *
The orc hits you.
An orc comes into view. It is wielding a morningstar.
The orc shouts!
The centaur wields an uncursed shortbow.
The centaur shoots an arrow.
The arrow hits you.
* * * LOW HITPOINT WARNING * * *
The centaur shoots an arrow.
The arrow hits you.
You die...

......# ... ..o.. .....
so#.## ..... #o#..#
......#(##.#######.#..
#....#(##.#.........#
#..oo#.#.######.## #
###..#...#
##...####@[c((.## ##.
...........###..# ##....
##...####..#
##(###....##. #
###..####..(....c...
#...##..........(.....##.
#.........#######c...##
.......##.# ....#
...##.##.# .....#
.......#รท# .....#


You could see a centaur, a scorpion, an orc wizard and 4 orcs.

Vanquished Creatures
  Sigmund (D:3)
  Duvessa (D:4)
  A scorpion (D:4)
  Dowan (D:4)
  A hound (D:5)
  A crimson imp (D:5)
  2 orc wizards
  A giant frog skeleton (D:4)
  An orc priest (D:4)
  3 worker ants (D:4)
  Robin (D:2)
  12 adders
  3 worms
  2 oozes
  8 orcs
  A bat (D:3)
  A bat skeleton (D:4)
  11 giant cockroaches
  14 hobgoblins
  4 quokkas
  A ball python (D:2)
  2 giant newts (D:3)
  19 goblins
  7 kobolds
  7 rats
106 creatures vanquished.

Notes
Turn   | Place    | Note
--------------------------------------------------------------
     0 | D:1      | talkandplay, the Vine Stalker Berserker, began the quest for the Orb.
     0 | D:1      | Reached XP level 1. HP: 11/11 MP: 1/1
   183 | D:1      | Reached XP level 2. HP: 16/16 MP: 3/3
   234 | D:1      | Reached skill level 3 in Long Blades
   566 | D:1      | Acquired Trog's second power
  1010 | D:2      | Reached XP level 3. HP: 19/19 MP: 4/4
  1052 | D:2      | Noticed Robin
  1089 | D:2      | Killed Robin
  1095 | D:2      | Reached XP level 4. HP: 24/24 MP: 3/5
  1411 | D:2      | Reached XP level 5. HP: 25/28 MP: 5/7
  1491 | D:2      | Reached skill level 4 in Long Blades
  1759 | D:3      | Noticed Sigmund
  1780 | D:3      | Killed Sigmund
  1780 | D:3      | Gained mutation: You heal very quickly. [vine stalker growth]
  1780 | D:3      | Reached XP level 6. HP: 22/33 MP: 4/8
  2227 | D:4      | Reached skill level 5 in Long Blades
  2243 | D:4      | Found Xoolakote's Assorted Antiques.
  2472 | D:4      | Acquired Trog's third power
  2552 | D:4      | Reached XP level 7. HP: 23/37 MP: 9/9
  2658 | D:4      | Noticed Dowan
  2659 | D:4      | Noticed Duvessa
  2677 | D:4      | Killed Duvessa
  2683 | D:4      | Killed Dowan
  3384 | D:5      | Entered Level 5 of the Dungeon
  3556 | D:5      | Reached skill level 6 in Long Blades
  3557 | D:5      | Shot with an arrow by a centaur

Action                   |  1- 3 |  4- 6 |  7- 9 || total
-------------------------+-------+-------+-------++-------
Melee: Falchion          |    92 |   227 |    88 ||   407
Invok: Trog's Hand       |     1 |     1 |     2 ||     4
       Berserk           |     1 |       |     1 ||     2
  Use: Scroll            |     4 |     1 |       ||     5
       Potion            |     2 |     2 |       ||     4
  Eat: Chunk             |       |     7 |     3 ||    10
